 Dungeon Crawl Stone Soup version 0.22.1-2-g9c5b331 (webtiles) character file.

822 dvd the Firebug (level 7, 0/42 HPs)
             Began as an Octopode Fire Elementalist on Dec 4, 2018.
             Was an Initiate of Vehumet.
             Slain by a centaur (1 damage)
             ... on level 5 of the Dungeon.
             The game lasted 00:10:20 (5379 turns).

dvd the Firebug (Octopode Fire Elementalist)        Turns: 5379, Time: 00:10:20

Health: 0/42       AC:  1    Str:  7    XL:     7   Next: 95%
Magic:  18/22      EV: 14    Int: 19    God:    Vehumet [......]
Gold:   268        SH:  0    Dex: 16    Spells: 7/14 levels left

rFire    . . .     SeeInvis .   r - +4 quarterstaff (chaos)
rCold    . . .     Gourm    .   (shield currently unavailable)
rNeg     . . .     Faith    .   (helmet restricted)
rPois    .         Spirit   .   (no amulet)
rElec    .         Reflect  .   i - ring of magical power
rCorr    .         Harm     .   w - +3 ring of dexterity
MR       .....                  (no ring)
Stlth    ++++......             (no ring)
HPRegen  0.14/turn              (no ring)
MPRegen  0.18/turn              (no ring)
                                (no ring)
                                (no ring)

@: no status effects
A: almost no armour, stealthy swim, amphibious, 8 rings, constrict 8, camouflage
1, gelatinous body 1
a: Renounce Religion


You were on level 5 of the Dungeon.
You worshipped Vehumet.
Vehumet was noncommittal.
You were near starving.

You visited 2 branches of the dungeon, and saw 6 of its levels.

You collected 268 gold pieces.

Inventory:

Hand Weapons
 e - a +2 whip of venom
 r - a +4 quarterstaff of chaos (weapon)
 t - a +2 hand axe of chopping
 z - the +8 dagger of Blood {pain, rF+}
   (You found it on level 4 of the Dungeon)

   In the hands of one skilled in necromantic magic, it inflicts extra damage on
   living creatures.
   It protects you from fire.
Jewellery
 i - a ring of magical power (left tentacle)
 w - a +3 ring of dexterity (right tentacle)
Wands
 v - a wand of scattershot (1)
Scrolls
 a - 6 scrolls of identify {unknown}
 h - 6 scrolls of teleportation {unknown}
 l - 2 scrolls of blinking {unknown}
 n - 2 scrolls of noise {unknown}
 q - a scroll of fog {unknown}
 x - a scroll of fear {unknown}
 y - 2 scrolls of remove curse {unknown}
Potions
 c - a potion of might {unknown}
 d - 2 potions of ambrosia {unknown}
 f - 4 potions of curing
 g - 2 potions of haste {unknown}
 k - a potion of cancellation {unknown}
 m - 2 potions of magic {unknown}
 o - a potion of degeneration {unknown}
 p - 2 potions of lignification {unknown}
 s - a potion of invisibility {unknown}
 u - 2 potions of heal wounds {unknown}
Comestibles
 b - 5 rations


   Skills:
 + Level 0.6 Fighting
 + Level 1.8 Staves
 + Level 3.0 Dodging
 + Level 4.2 Stealth
 + Level 4.2 Spellcasting
 + Level 3.4 Conjurations
 * Level 6.0 Fire Magic


You had 7 spell levels left.
You knew the following spells:

 Your Spells              Type           Power        Failure   Level  Hunger
a - Flame Tongue          Conj/Fire      ###..        1%          1    None
b - Throw Flame           Conj/Fire      ###...       3%          2    #......
c - Sticky Flame          Conj/Fire      ###.....     19%         4    ####...

Your spell library contained the following spells:

 Spells                   Type           Power        Failure   Level  Hunger
 Conjure Flame            Conj/Fire      ###.....     6%          3    ###....
 Inner Flame              Hex/Fire       ###.....     12%         3    ###....
 Fireball                 Conj/Fire      ###.......   47%         5    ######.


Dungeon Overview and Level Annotations

Branches:
Dungeon (5/15)             Temple (1/1) D:4

Altars:
Ashenzari
Cheibriados
Dithmenos
Elyvilon
Fedhas
Gozag
Hepliaklqana
Kikubaaqudgha
Makhleb
Nemelex Xobeh
Okawaru
Qazlal
Ru
Sif Muna
Trog
Uskayaw
Vehumet
Wu Jian
Xom
Zin
The Shining One


Innate Abilities, Weirdness & Mutations

You cannot wear most types of armour.
You are very stealthy in the water. (Stealth+)
You are amphibious.
You can wear up to eight rings at the same time.
You can use your tentacles to constrict eight enemies at once.
Your skin changes colour to match your surroundings (Stealth+).
Your rubbery body absorbs attacks. (AC +1, EV +1)


Message History

You see here an arrow.
The centaur shoots an arrow.
The arrow hits you!
* * * LOW HITPOINT WARNING * * *
You see here an arrow.
The centaur unwields an uncursed shortbow.
The centaur hits you.
* * * LOW HITPOINT WARNING * * *
Found 16 arrows.
Unknown command.
Casting: Sticky Flame (slightly dangerous; 19% risk of failure)
Confirm with . or Enter, or press ? or * to list all spells.
Aiming: Sticky Flame (slightly dangerous; 19% risk of failure)
Press: ? - help, Shift-Dir - straight line, f - centaur
Aim: a centaur The sticky flame hits the centaur.
The centaur is lightly wounded.
The centaur is covered in liquid flames!
You are near starving!
The centaur burns!
The centaur misses you. The centaur hits you.
You die...

###.####..#.........#....## #
##.###..###.............###
###.##......................####
.#)###.#..###.#..##............#
#.## #.#..........#.........##.#
...# #.#..#######((.........##.#
##.###.##.#
##..(........#..##.## #.....##.#
#...(.#.######......# ########.#
#)..@.#.# ##.###.# #.# #...c.# #
#.# #.# ########..# ##....# #.#
#.# ...<....#.# ####.# #.# #.#
.#######... ... #.# #.. .# .##
#.###.. .# .# #...... .# (#
###..#. ## #..#.


You could see a centaur (burning).

Vanquished Creatures
  A phantom (D:4)
  2 centaurs (D:5)
  An ogre (D:5)
  A howler monkey (D:4)
  A crimson imp (D:3)
  A hound (D:5)
  Crazy Yiuf (D:2)
  An orc priest (D:4)
  An orc wizard (D:4)
  4 worker ants
  5 gnolls
  5 adders
  3 oozes (D:1)
  An adder skeleton (D:4)
  A worm (D:3)
  A dart slug (D:4)
  4 leopard geckos
  10 orcs
  4 bats
  8 giant cockroaches
  6 hobgoblins
  9 jackals
  2 quokkas
  7 frilled lizards
  8 goblins
  10 kobolds
  9 rats
107 creatures vanquished.

Notes
Turn   | Place    | Note
-------+----------+-------------------------------------------
     0 | D:1      | dvd the Octopode Fire Elementalist began the quest for the
                  | Orb.
     0 | D:1      | Reached XP level 1. HP: 11/11 MP: 3/3
    91 | D:1      | Reached XP level 2. HP: 11/17 MP: 1/5
   254 | D:1      | Learned a level 2 spell: Throw Flame
   515 | D:1      | Reached XP level 3. HP: 21/21 MP: 2/6
  1463 | D:2      | Reached XP level 4. HP: 27/27 MP: 7/7
  1614 | D:2      | Reached skill level 4 in Fire Magic
  2092 | D:2      | Found a runed door.
  2096 | D:2      | Noticed Crazy Yiuf
  2103 | D:2      | Killed Crazy Yiuf
  2103 | D:2      | Reached XP level 5. HP: 12/31 MP: 7/9
  2590 | D:3      | Learned a level 4 spell: Sticky Flame
  3059 | D:3      | Reached XP level 6. HP: 33/36 MP: 10/10
  3726 | D:4      | Got a pitted dagger
  3727 | D:4      | Identified the +8 dagger of Blood {pain, rF+} (You found it
                  | on level 4 of the Dungeon)
  3751 | D:4      | Noticed a phantom
  3823 | D:4      | Reached skill level 5 in Fire Magic
  3827 | D:4      | Reached skill level 1 in Staves
  3954 | D:4      | Found a staircase to the Ecumenical Temple.
  3961 | Temple   | Entered the Ecumenical Temple
  3986 | Temple   | Became a worshipper of Vehumet
  4123 | D:4      | Found a stormy altar of Qazlal.
  4419 | D:4      | Killed a phantom
  4419 | D:4      | Reached XP level 7. HP: 36/41 MP: 11/12
  4731 | D:5      | Entered Level 5 of the Dungeon
  5308 | D:5      | Reached skill level 6 in Fire Magic
  5378 | D:5      | HP: 1/42 [centaur (6)]
  5379 | D:5      | Slain by a centaur

Skill      XL: |  1  2  3  4  5  6  7 |
---------------+----------------------+-----
Stealth        | 3 4 |  4.2
Fire Magic     | 4 5 6 |  6.0
Spellcasting   | 3 4 |  4.2
Conjurations   | 2 3 |  3.4
Staves         | 1 |  1.8
Dodging        | 3 |  3.0
Fighting       | |  0.6

Action                   |  1- 3 |  4- 6 |  7- 9 || total
-------------------------+-------+-------+-------++-------
Melee: Unarmed           |     5 |       |       ||     5
       Tentacles         |     5 |     7 |       ||    12
       Short sword       |    13 |     3 |       ||    16
       Constrict         |     4 |     7 |     1 ||    12
       Quarterstaff      |       |    43 |     5 ||    48
 Cast: Flame Tongue      |    30 |    73 |     3 ||   106
       Throw Flame       |     9 |    48 |    15 ||    72
       Sticky Flame      |       |     1 |     2 ||     3
Evoke: Wand              |       |       |     1 ||     1
  Use: Potion            |       |     1 |       ||     1
 Stab: Sleeping          |       |     2 |     1 ||     3
  Eat: Chunk             |     2 |    13 |     2 ||    17
Armor: Skin              |       |     5 |       ||     5
Dodge: Dodged            |    16 |    55 |     5 ||    76
